 Dungeon Crawl Stone Soup version 0.28.0-53-g5a82cb258f (webtiles) character file.

Game seed: 15487006461069060211

131740 Jerry the Dancer (level 17, -7/89 (95) HPs)
             Began as a Vine Stalker Fighter on Aug 1, 2022.
             Was a Follower of Uskayaw.
             Shot with an arrow by a deep elf archer (15 damage)
             ... on level 1 of the Elven Halls.
             The game lasted 02:31:48 (25674 turns).

Jerry the Dancer (Vine Stalker Fighter)            Turns: 25674, Time: 02:31:48

HP:   -7/89 (95)    AC: 19    Str: 22    XL:     17   Next: 11%
MP:   0/28          EV: 14    Int:  8    God:    Uskayaw [*.....]
Gold: 1352          SH: 12    Dex: 19    Spells: 16/16 levels left

rFire   + . .      SeeInvis +   H - +6 short sword (venom)
rCold   + . .      Faith    .   O - +0 kite shield
rNeg    + . .      Spirit   +   b - +0 swamp dragon scales
rPois   +          Reflect  .   d - +2 hat
rElec   .          Harm     .   R - +0 cloak "Myluetuwk" {SInv}
rCorr   .          Rampage  .   h - +2 pair of gloves
Will    ++...      Clarity  +   q - +0 pair of boots of Hepliaklqana's Regard {rN+ Regen+}
Stlth   +.........              L - amulet of magic regeneration
HPRegen 1.84/turn               o - ring of protection from fire
MPRegen 0.61/turn               I - ring of protection from cold

@: studying Summonings, drained, invisible
A: fangs 3, regeneration 1, magic shield, antimagic bite, no potion heal 2,
clarity, wild magic 1
a: Renounce Religion, Stomp


You were on level 1 of the Elven Halls.
You worshipped Uskayaw.
Uskayaw was pleased with you.
You visited 6 branches of the dungeon, and saw 27 of its levels.
You also visited: Volcano.

You collected 2138 gold pieces.
You spent 786 gold pieces at shops.

Inventory:

Hand Weapons
 a - a +0 rapier of venom
 H - a +6 short sword of venom (weapon)
Missiles
 F - 19 throwing nets (quivered)
Armour
 b - +0 swamp dragon scales (worn)
 c - a +0 buckler
 d - a +2 hat (worn)
 h - a +2 pair of gloves (worn)
 q - the +0 pair of boots of Hepliaklqana's Regard (worn) {rN+ Regen+}
   (You acquired it on level 3 of the Lair of Beasts)

   rN:        It protects you from negative energy.
   Regen:     It increases your rate of health regeneration.
 t - the +4 ring mail of Pride {rElec rF- rC+ Regen+}
   (You found it on level 5 of the Dungeon)

   rF:        It makes you vulnerable to fire.
   rC:        It protects you from cold.
   rElec:     It insulates you from electricity.
   Regen:     It increases your rate of health regeneration.
 E - a +1 crystal plate armour of cold resistance
 J - a scarf of invisibility
 O - a +0 kite shield (worn)
 R - the +0 cloak "Myluetuwk" (worn) {SInv}
   (You bought it in a shop on level 2 of the Elven Halls)

   SInv:      It lets you see invisible.
Jewellery
 o - a ring of protection from fire (left hand)
 C - a ring of ice
 I - a ring of protection from cold (right hand)
 L - an amulet of magic regeneration (around neck)
Wands
 l - a wand of acid (18)
 r - a wand of iceblast (8)
 v - a wand of charming (1)
 x - a wand of digging (10)
 A - a wand of mindburst (10)
 D - a wand of paralysis (11)
 G - a wand of flame (16)
 M - a wand of polymorph (5)
Scrolls
 f - a scroll of brand weapon
 g - 6 scrolls of enchant armour
 s - a scroll of acquirement
 w - a scroll of silence
 y - 3 scrolls of identify
 B - 3 scrolls of fog
 K - a scroll of immolation
 N - a scroll of magic mapping
Potions
 e - a potion of mutation
 j - 13 potions of curing
 k - 4 potions of brilliance
 n - 2 potions of attraction
 p - 4 potions of lignification
 u - 3 potions of magic
 P - a potion of flight
 Q - 2 potions of ambrosia {unknown}


   Skills:
 + Level 13.2 Fighting
 + Level 13.1 Short Blades
 + Level 12.2 Armour
 - Level 7.3 Dodging
 - Level 10.0 Shields
 + Level 13.6 Invocations


You had 16 spell levels left.
You didn't know any spells.
Your spell library contained the following spells:

 Spells                   Type           Power      Damage    Failure   Level
 Animate Skeleton         Necr           0%         N/A       86%         1
 Apportation              Tloc           0%         N/A       86%         1
 Freeze                   Ice            0%         1d3       86%         1
 Magic Dart               Conj           0%         1d3       86%         1
 Summon Small Mammal      Summ           0%         N/A       86%         1
 Corpse Rot               Necr/Air       0%         N/A       95%         2
 Poisonous Vapours        Pois/Air       0%         N/A       95%         2
 Searing Ray              Conj           0%         2d4       95%         2
 Sublimation of Blood     Necr           0%         N/A       95%         2
 Wereblood                Tmut           0%         N/A       95%         2
 Frozen Ramparts          Ice            0%         1d2       99%         3
 Inner Flame              Hex/Fire       0%         N/A       99%         3
 Animate Dead             Necr           0%         N/A       100%        4
 Cause Fear               Hex            0%         N/A       100%        4
 Fulminant Prism          Conj/Hex       0%         3d6       100%        4
 Hailstorm                Conj/Ice       0%         3d3       100%        4
 Petrify                  Tmut/Erth      0%         N/A       100%        4
 Summon Ice Beast         Ice/Summ       0%         N/A       100%        4
 Borgnjor's Vile Clutch   Necr/Erth      0%         N/A       100%        5
 Irradiate                Conj/Tmut      0%         3d13      100%        5
 Summon Mana Viper        Hex/Summ       0%         N/A       100%        5
 Death Channel            Necr           0%         N/A       100%        6
 Monstrous Menagerie      Summ           0%         N/A       100%        7
 Summon Hydra             Summ           0%         N/A       100%        7
 Discord                  Hex            0%         N/A       100%        8
 Chain Lightning          Conj/Air       0%         N/A       100%        9
 Fire Storm               Conj/Fire      0%         5d1       100%        9
 Shatter                  Erth           0%         3d5*      100%        9


Dungeon Overview and Level Annotations

Branches:
Dungeon (14/15)            Temple (1/1) D:5            Lair (6/6) D:8
 Shoals (0/4) Lair:2       Spider (2/4) Lair:3        Slime (0/5) Lair:6
    Orc (2/2) D:12            Elf (2/3) Orc:2       Volcano (visited)
 Vaults: D:13-14

Altars:
Ashenzari
Cheibriados
Dithmenos
Gozag
Hepliaklqana
Kikubaaqudgha
Makhleb
Nemelex Xobeh
Okawaru
Qazlal
Ru
Sif Muna
Trog
Uskayaw
Vehumet
Wu Jian
Xom
Yredelemnul
Zin
The Shining One
Beogh

Shops:
D:4 :   D:9 *?   Orc:2 ?:[[[   Elf:1 =   Elf:2 [

Annotations:
Lair:2 3 runed translucent doors, Alonk's ghost, journeyman DjFE; Jafot's ghost, journeyman DsFi; Weugil's ghost, journeyman HaBe


Innate Abilities, Weirdness & Mutations

You have razor-sharp teeth.
Your natural rate of healing is unusually fast.
When hurt, damage is shared between your health and your magic reserves.
Your bite disrupts and absorbs the magic of your enemies.
Potions cannot restore your health.
You possess an exceptional clarity of mind.
Your spells are a little harder to cast, but a little more powerful.


Message History

The bolt of lightning hits you! The bolt of lightning hits you!!
* * * LOW HITPOINT WARNING * * *
The bolt of lightning hits the earth elemental.
The earth elemental completely resists.
You fade into invisibility!
The +7 scimitar of draining hits you.
* * * LOW HITPOINT WARNING * * *
You partially resist.
You feel drained.
The deep elf pyromancer points at you and mumbles some strange words.
The sticky flame hits the deep elf zephyrmancer.
The deep elf zephyrmancer is covered in liquid flames!
You block the +7 scimitar of draining's attack.
You block the earth elemental's attack. The earth elemental hits you!!
* * * LOW HITPOINT WARNING * * *
The deep elf zephyrmancer shouts!
You hit the earth elemental but do no damage.
You bite the earth elemental. You drain its power.
The earth elemental is heavily damaged.
The deep elf zephyrmancer burns!
The deep elf zephyrmancer burns!
The deep elf zephyrmancer burns!
The deep elf elementalist casts a spell at you.
The fireball explodes!
The fireball engulfs you! You resist.
* * * LOW HITPOINT WARNING * * *
The fireball engulfs the earth elemental.
The earth elemental completely resists.
The deep elf zephyrmancer burns!
The deep elf zephyrmancer gestures at the earth elemental while chanting.
Okay, then.
As you read the scroll of fear, it crumbles to dust.
You assume a fearsome visage.
The earth elemental is unaffected.
The deep elf zephyrmancer looks frightened!
The deep elf elementalist looks frightened!
The deep elf archer resists with almost no effort.
The +7 scimitar of draining is unaffected.
The deep elf pyromancer looks frightened!
The earth elemental is unaffected. x4; The deep elf zephyrmancer burns!
The deep elf zephyrmancer stops burning.
The deep elf archer shoots an arrow.
The arrow hits you!!
You die...

######## # #......## ##
#### #..####.###.
##eE########''####..#.#
##(.EeE@.........##....#
#)E.e............##....#
#..E..#.###.###..##.....
#..e##.###.#.# ..##.....
#[...#......
.....##.....
.....#.......
.....##..#..
.......#...###
#++####.##..
..##.#.##..## #..
##.##.. .. ##.# #..#
#..##.#.##.)


You could see a deep elf elementalist (repels missiles, fleeing, poisoned), a
deep elf archer (repels missiles), 5 earth elementals, a deep elf pyromancer
(fleeing), a deep elf zephyrmancer (fleeing, very poisoned) and a +7 scimitar of
draining.

Vanquished Creatures
  Nessos (Orc:2)
  A deep elf annihilator (Elf:1)
  13 slime creatures
  An entropy weaver (Spider:1)
  Azrael (D:11)
  3 deep elf death magi (Elf:1)
  7 hydras
  A catoblepas (D:13)
  An ice dragon (Lair:4)
  A rakshasa (D:13)
  A merfolk avatar (Lair:6)
  2 boulder beetles
  3 centaur warriors
  2 jorogumos
  3 ogre magi (Orc:2)
  4 two-headed ogres
  5 death yaks
  12 dancing weapons
  14 deep elf knights
  Nergalle (Orc:2)
  A skeletal warrior (D:13)
  3 pharaoh ants
  4 orb spiders
  2 steelbarb worms (Spider:1)
  A wizard (Elf:1)
  Pikel (D:7)
  13 deep elf archers
  3 orc knights
  An ugly thing (D:13)
  11 deep elf zephyrmancers
  A harpy (Lair:6)
  14 deep elf pyromancers
  A manticore (Lair:6)
  9 orc sorcerers
  6 wolf spiders (Spider:1)
  14 elephants
  4 black mambas
  3 gargoyles
  13 cane toads
  5 torpor snails (Lair:4)
  Maggie (D:9)
  2 kobold demonologists (D:13)
  5 rime drakes
  3 unseen horrors
  3 demonic crawlers
  An ice devil (Lair:4)
  11 komodo dragons
  5 polar bears
  3 meliai
  4 trolls
  4 hornets
  10 tarantellas
  11 blink frogs
  16 jumping spiders
  2 snapping turtles
  5 dream sheep (Lair:4)
  A meliai zombie (D:11)
  16 culicivoras
  3 water elementals (Elf:1)
  An air elemental (Elf:1)
  2 shadows
  A dire elephant simulacrum (Lair:4)
  46 yaks
  2 wyverns
  3 wraiths
  A human (shapeshifter) (Elf:1)
  3 basilisks
  3 fire elementals
  2 steam dragons
  4 vampire mosquitoes (D:11)
  2 death yak simulacra (D:13)
  23 redbacks
  3 wargs
  3 acid dragons
  13 water moccasins
  3 hell hounds (D:11)
  4 sky beasts
  22 orc warriors
  An ice beast (D:6)
  2 black bears
  2 hornet zombies (D:8)
  A necrophage (D:6)
  8 ogres
  2 boggarts (Elf:1)
  12 centaurs
  9 wolves
  2 phantoms
  11 bullfrogs
  4 earth elementals
  2 cane toad simulacra
  5 gnoll sergeants
  A scorpion (D:5)
  3 two-headed ogre simulacra
  A water moccasin zombie (D:4)
  5 killer bees (D:8)
  6 howler monkeys (D:7)
  5 electric eels
  5 centaur zombies
  13 hounds
  11 jellies (Lair:6)
  10 orc priests
  3 centaur skeletons
  5 gnoll shamans
  2 bullfrog skeletons
  6 iguanas
  33 orc wizards
  A spriggan simulacrum (D:13)
  A polar bear simulacrum (Lair:4)
  2 troll simulacra
  A wolf simulacrum (D:13)
  A killer bee zombie (D:9)
  33 gnolls
  8 adders
  2 naga simulacra
  2 white imps
  An adder skeleton (D:4)
  3 dart slugs
  61 orcs
  8 ball pythons
  7 bats
  3 endoplasms (D:1)
  5 giant cockroaches
  4 hobgoblins
  14 jackals
  2 kobolds
  3 quokkas
  5 frilled lizards
  6 goblins
  3 rats
780 creatures vanquished.

Vanquished Creatures (collateral kills)
  A tarantella (Spider:1)
  A culicivora (Spider:1)
  2 jumping spiders (Spider:1)
4 creatures vanquished.

Vanquished Creatures (others)
  A deep elf pyromancer (Elf:1)
  An orc wizard (Orc:2)
  A gnoll (D:10)
  A bush (Lair:6)
  29 fungi
  38 plants
  2 withered plants (Lair:2)
73 creatures vanquished.

Grand Total: 857 creatures vanquished

Notes
Turn   | Place    | Note
-------+----------+-------------------------------------------
     0 | D:1      | Jerry the Vine Stalker Fighter began the quest for the Orb.
     0 | D:1      | Reached XP level 1. HP: 11/11 MP: 2/2
   131 | D:1      | Reached XP level 2. HP: 14/16 MP: 3/3
   632 | D:1      | Found a faded altar of an unknown god.
   657 | D:1      | Reached XP level 3. HP: 19/20 MP: 4/4
   967 | D:2      | Found an iron altar of Okawaru.
  1641 | D:3      | Gained mutation: Your natural rate of healing is unusually
                  | fast. [Vine Stalker growth]
  1641 | D:3      | Reached XP level 4. HP: 24/24 MP: 5/5
  1702 | D:3      | Found a bloodstained altar of Trog.
  1706 | D:3      | Found a stormy altar of Qazlal.
  1706 | D:3      | Found an ornate altar of the Wu Jian Council.
  1707 | D:3      | Found a burning altar of Makhleb.
  1707 | D:3      | Found a hazy altar of Hepliaklqana.
  1862 | D:3      | Found a shadowy altar of Dithmenos.
  1862 | D:3      | Found a sacrificial altar of Ru.
  2211 | D:4      | Reached XP level 5. HP: 28/28 MP: 6/6
  2246 | D:4      | Found Lenobag's Book Shop.
  2376 | D:4      | Noticed a phantom
  2397 | D:4      | Killed a phantom
  2402 | D:4      | Reached XP level 6. HP: 33/33 MP: 7/7
  2633 | D:5      | Entered Level 5 of the Dungeon
  2678 | D:5      | Reached XP level 7. HP: 16/37 MP: 6/8
  2747 | D:5      | Found a staircase to the Ecumenical Temple.
  2753 | Temple   | Entered the Ecumenical Temple
  2922 | Temple   | Became a worshipper of Uskayaw the Reveller
  2988 | D:5      | Reached * piety under Uskayaw
  3069 | D:5      | Reached ** piety under Uskayaw
  3082 | D:5      | Reached *** piety under Uskayaw
  3087 | D:5      | Reached **** piety under Uskayaw
  3113 | D:5      | Reached skill level 1 in Invocations
  3114 | D:5      | Reached ***** piety under Uskayaw
  3273 | D:5      | Found an iron altar of Okawaru.
  3413 | D:5      | Gained mutation: You have razor-sharp teeth. [Vine Stalker
                  | growth]
  3413 | D:5      | Reached XP level 8. HP: 38/42 MP: 10/10
  3615 | D:5      | Identified the +4 ring mail of Pride {rElec rF- rC+ Regen+}
  3980 | D:6      | Reached skill level 5 in Shields
  3986 | D:6      | Reached skill level 5 in Fighting
  4077 | D:6      | HP: 2/43 [acid dragon/splash of acid (12)]
  4257 | D:6      | Reached skill level 5 in Short Blades
  4570 | D:6      | Reached skill level 5 in Armour
  4570 | D:6      | Reached XP level 9. HP: 42/47 MP: 10/12
  5401 | D:7      | Noticed Pikel
  5422 | D:7      | Killed Pikel
  5427 | D:7      | Gained mutation: You possess an exceptional clarity of
                  | mind. [potion of mutation]
  5427 | D:7      | Gained mutation: Your spells are a little harder to cast,
                  | but a little more powerful. [potion of mutation]
  5565 | D:7      | Reached skill level 5 in Invocations
  5645 | D:7      | Reached XP level 10. HP: 52/53 MP: 11/14
  5967 | D:8      | Noticed a two-headed ogre
  6048 | D:8      | Killed a two-headed ogre
  6087 | D:8      | Found a staircase to the Lair.
  6463 | Lair:1   | Entered Level 1 of the Lair of Beasts
  6492 | Lair:1   | Noticed a cane toad
  6503 | Lair:1   | Killed a cane toad
  6748 | Lair:1   | Noticed a cane toad
  6765 | Lair:1   | Killed a cane toad
  6766 | Lair:1   | Reached XP level 11. HP: 44/58 MP: 10/16
  6863 | Lair:1   | Reached skill level 1 in Dodging
  7318 | Lair:1   | Noticed a six-headed hydra
  7330 | Lair:1   | Killed a six-headed hydra
  7892 | Lair:2   | Found a runed translucent gate.
  7892 | Lair:2   | Found a runed translucent gate.
  7892 | Lair:2   | Noticed Alonk's ghost (journeyman DjFE)
  7893 | Lair:2   | Found a runed translucent gate.
  7961 | Lair:2   | Reached ****** piety under Uskayaw
  8012 | Lair:2   | Reached XP level 12. HP: 65/65 MP: 18/18
  8090 | Lair:2   | Noticed Weugil's ghost (journeyman HaBe)
  8091 | Lair:2   | Noticed Jafot's ghost (journeyman DsFi)
  8262 | Lair:2   | Found a staircase to the Shoals.
  8427 | Lair:2   | Found a dark tunnel.
  8441 | Volcano  | Entered a volcano
  8490 | Volcano  | Noticed a red draconian
  8842 | Lair:3   | Identified a scroll of acquirement
  8842 | Lair:3   | Acquired the +0 pair of boots of Hepliaklqana's Regard {rN+
                  | Regen+}
  9055 | Lair:3   | Found a hole to the Spider Nest.
  9257 | Lair:3   | Found a sparkling altar of Nemelex Xobeh.
 10557 | Lair:4   | Noticed a five-headed hydra
 10572 | Lair:4   | Killed a five-headed hydra
 10767 | Lair:4   | Reached skill level 5 in Dodging
 10949 | Lair:4   | Reached XP level 13. HP: 63/70 MP: 16/20
 11012 | Lair:4   | Found a snail-covered altar of Cheibriados.
 11321 | Lair:4   | Noticed an ice dragon
 11355 | Lair:4   | Killed an ice dragon
 12150 | Lair:5   | Reached skill level 10 in Fighting
 12597 | Lair:6   | Entered Level 6 of the Lair of Beasts
 12629 | Lair:6   | Reached skill level 10 in Short Blades
 12629 | Lair:6   | Reached skill level 10 in Invocations
 13143 | Lair:6   | Reached XP level 14. HP: 77/77 MP: 22/22
 13265 | Lair:6   | Paralysed by a hornet for 1 turns
 13281 | Lair:6   | Paralysed by a hornet for 1 turns
 13512 | Lair:6   | Found a staircase to the Slime Pits.
 14374 | D:9      | Found Ugiz's Magic Scroll Emporium.
 14469 | D:9      | Found an ancient bone altar of Kikubaaqudgha.
 14474 | D:9      | Noticed Maggie
 14499 | D:9      | Killed Maggie
 14596 | D:9      | Found Kuipn's Elemental Accessories.
 14633 | D:9      | Paralysed by a hornet for 3 turns
 15014 | D:10     | Entered Level 10 of the Dungeon
 15098 | D:10     | Reached skill level 10 in Armour
 16865 | D:11     | Found a sparkling altar of Nemelex Xobeh.
 17384 | D:12     | Found a staircase to the Orcish Mines.
 17575 | D:12     | Noticed Azrael
 17646 | D:11     | Killed Azrael
 17969 | Orc:1    | Entered Level 1 of the Orcish Mines
 18173 | Orc:2    | Entered Level 2 of the Orcish Mines
 18173 | Orc:2    | Found a staircase to the Elven Halls.
 18498 | Orc:2    | Found Peacho's Armour Shoppe.
 18831 | Orc:2    | Reached XP level 15. HP: 61/83 MP: 17/24
 18897 | Orc:2    | Noticed Nessos
 18919 | Orc:2    | Killed Nessos
 18998 | Orc:2    | Found Odwaf's Antique Armour Shoppe.
 19043 | Orc:2    | Found Iwor's Antique Armour Emporium.
 19071 | Orc:2    | Found an ancient bone altar of Kikubaaqudgha.
 19074 | Orc:2    | Noticed Nergalle
 19097 | Orc:2    | Killed Nergalle
 19099 | Orc:2    | Found Nemur's Book Emporium.
 19167 | Orc:2    | Found a radiant altar of Vehumet.
 19274 | Orc:2    | Found Roesiteo's Magic Scroll Emporium.
 19383 | Orc:2    | Bought a scroll of teleportation for 39 gold pieces
 19383 | Orc:2    | Bought a scroll of blinking for 97 gold pieces
 19383 | Orc:2    | Bought a scroll of teleportation for 39 gold pieces
 19383 | Orc:2    | Bought a scroll of blinking for 97 gold pieces
 19955 | Orc:2    | Bought an embroidered scarf for 232 gold pieces
 20052 | Elf:1    | Entered Level 1 of the Elven Halls
 21470 | Spider:1 | Entered Level 1 of the Spider Nest
 22670 | Spider:1 | Reached XP level 16. HP: 88/88 MP: 26/26
 23095 | Spider:1 | Identified the +3 leather armour of Ignis's Respect
                  | {Rampage *Slow Str+4}
 24464 | Elf:1    | Paralysed by an air elemental for 1 turns
 24556 | Elf:1    | You fall into a shaft and drop 1 floor!
 24565 | Elf:2    | Found a runed translucent gate.
 24565 | Elf:2    | Found a runed translucent gate.
 24565 | Elf:2    | Found a runed translucent gate.
 24619 | Elf:2    | Reached skill level 10 in Shields
 24908 | Elf:2    | Found Dyoxih's Armour Shoppe.
 24960 | Elf:2    | Bought the +0 cloak "Myluetuwk" {SInv} for 282 gold pieces
 25412 | Elf:1    | Reached XP level 17. HP: 84/94 MP: 28/28
 25514 | Elf:1    | Found Vawoggu's Jewellery Shop.
 25672 | Elf:1    | HP: 4/89 [deep elf elementalist/fireball (7)]
 25674 | Elf:1    | Shot with an arrow by a deep elf archer

Illustrated notes

Levels and vault maps discovered:
D:1:      saegor_arrival_simple_b, layout_basic, shapermc_ecumenical_altar_venn,
          minmay_misc_feat_diagonals, minmay_misc_feat_nine_boxes
D:2:      layout_rooms, basic_altar
D:3:      layout_rooms, gammafunk_temple_overflow_elements,
          grunt_temple_overflow_open
D:4:      layout_loops_ring, serial_shops, shop_statue, minmay_misc_feat_tiny
D:5:      layout_basic, okawaru_ov_weapons_minmay,
          minmay_temple_entry_butterflies, minmay_curled_crystal,
          minmay_manual_mares
D:6:      layout_layer_cave
D:7:      layout_loops_ring, uniq_pikel
D:8:      layout_rooms, erik_lair_island
D:9:      layout_roguey, mainiacjoe_overflow_small_starburst, serial_shops,
          nicolae_shop_behind_doors, serial_curves, eino_curves_02,
          eino_curves_02, eino_curves_02, nicolae_elemental_shop, uniq_maggie
D:10:     layout_big_octagon, serial_gnoll_camp, gnoll_camp_mini_doghouse,
          gnoll_camp_mini_hut, gnoll_camp_huts_basic, gnoll_camp_mini_basic,
          gnoll_camp_medium_01, gnoll_camp_mini_hut, kennysheep_generic_room_6
D:11:     layout_basic, nemelex_lonely_heart_becter
D:12:     layout_loops_ring, orc_0_dummy, uniq_azrael
D:13:     layout_rooms, portal_ice_cave_entry_ice_simulacra,
          serial_park_tiny_pond
D:14:     layout_irregular_city, grunt_vaults_entry_fortified,
          minmay_strange_pillars, kennysheep_path_1
Temple:   nicolae_temple_figure_eight
Lair:1:   layout_long_grid, st_stairs_6, grunt_megastairs_4
Lair:2:   layout_chaotic_city, minmay_shoals_entry_hut, enter_volcano_1,
          gammafunk_ghost_cemetery, disabler_island, serial_bayou_shore_b
Lair:3:   hellmonk_ruined_rings, layout_layer_cave,
          spider_nest_entry_funnel_web, basic_altar
Lair:4:   dreamdust_isle_of_ice, layout_cave_pods,
          chequers_serial_rivers_micro_a, kennysheep_snail_temple,
          grunt_megastairs_1
Lair:5:   layout_regular_city, serial_bayou_shore_b, grunt_megastairs_5
Lair:6:   gammafunk_lair_ancient_temple, layout_cave_pods,
          minmay_slime_entry_jelly_boxes, chequers_serial_rivers_small_b
Spider:1: layout_cave_pods
Spider:2: layout_chambers
Orc:1:    layout_caves
Orc:2:    kennysheep_orc_mage_school, layout_diamond_mine, serial_shops, shop,
          uniq_nessos
Elf:1:    layout_loops_cross, serial_shops, nicolae_shop_hallway_stairs,
          hangedman_corner_corridor, hangedman_elf_disciples
Elf:2:    nicolae_elf_blades_splatter_lattice [mumra_blade_entry_dagger],
          layout_geoelf_octagon, hex_tiny, minmay_shop_star

Skill      XL: |  1  2  3  4  5  6  7  8  9 10 11 12 13 14 15 16 |
---------------+-------------------------------------------------+-----
Short Blades   | 2 3 4 5 6 7 8 9 10 11 12 13 | 13.1
Shields        | 3 4 5 6 7 9 10 | 10.0
Fighting       | 3 4 5 6 7 8 9 10 11 12 13 | 13.2
Armour         | 3 4 5 6 7 8 9 10 11 12 | 12.2
Invocations    | 1 3 5 6 7 9 10 11 12 13 | 13.6
Dodging        | 3 5 6 7 |  7.3

Action                   |  1- 3 |  4- 6 |  7- 9 | 10-12 | 13-15 | 16-18 || total
-------------------------+-------+-------+-------+-------+-------+-------++-------
Melee: Rapier            |    19 |       |    36 |   697 |   585 |       ||  1337
       Bite              |    27 |    51 |   149 |   263 |   871 |   229 ||  1590
       Dagger            |    70 |   161 |   388 |       |       |       ||   619
       Short sword       |       |       |       |       |  1274 |   594 ||  1868
Throw: Throwing net      |       |       |       |       |     1 |       ||     1
Invok: Line Pass         |       |       |       |       |     1 |       ||     1
Evoke: Wand              |       |       |     1 |     6 |       |     2 ||     9
  Use: Potion            |       |       |     3 |     1 |     4 |     3 ||    11
       Scroll            |       |       |    10 |     6 |    16 |     3 ||    35
 Stab: Paralysed         |       |       |    13 |    29 |    95 |    27 ||   164
       Distracted        |       |       |       |       |     1 |       ||     1
       Held in net/web   |       |       |       |       |     3 |       ||     3
       Invisible         |       |       |       |       |       |     5 ||     5
Armor: Scale mail        |    40 |    58 |    42 |       |       |       ||   140
       Ring mail         |       |       |    94 |   285 |   527 |       ||   906
       Swamp dragon scal |       |       |       |       |   107 |   135 ||   242
Dodge: Dodged            |    43 |    58 |   104 |   337 |   853 |   160 ||  1555
Block: Buckler           |    16 |    35 |    66 |   191 |   443 |    60 ||   811
       Kite shield       |       |       |       |       |       |    58 ||    58
